 Dungeon Crawl Stone Soup version 0.30-b1-2-g02819fbbbe (webtiles) character file.

Game seed: 7213494274225886873

611 Arcadio the Trooper (level 7, -5/64 HPs)
             Began as a Minotaur Fighter on May 12, 2023.
             Was a Follower of the Shining One.
             Succumbed to a water moccasin's poison
             ... on level 4 of the Dungeon.
             The game lasted 00:04:31 (3061 turns).

Arcadio the Trooper (Minotaur Fighter)              Turns: 3061, Time: 00:04:32

Health: -5/64      AC:  7    Str: 22    XL:     7   Next: 20%
Magic:  6/6        EV:  9    Int:  5    God:    the Shining One [*.....]
Gold:   164        SH:  4    Dex: 10    Spells: 6/6 levels left

rFire   . . .        a - +0 war axe
rCold   . . .        c - +0 buckler
rNeg    . . .        b - +0 scale mail
rPois   .            g - +0 hat
rElec   .            s - scarf {shadows}
rCorr   .            (no gloves)
SInv    +            (no boots)
Will    .....        (no amulet) Stlth
                     i - ring of wizardry
HPRegen 0.30/turn    k - ring of see invisible
MPRegen 0.10/turn

%: wizardry (x1)
@: lethally poisoned (-5 -> -23), glowing
A: horns 2, retaliatory headbutt
a: Renounce Religion, Divine Shield


You were on level 4 of the Dungeon.
You worshipped the Shining One.
The Shining One was aware of your devotion.
You visited 1 branch of the dungeon, and saw 4 of its levels.

You collected 164 gold pieces.

Inventory:

Hand Weapons
 a - a +0 war axe (weapon)
Armour
 b - a +0 scale mail (worn)
 c - a +0 buckler (worn)
 g - a +0 hat (worn)
 s - a scarf of shadows (worn)
Jewellery
 i - a ring of wizardry (left hand)
 k - a ring of see invisible (right hand)
 t - a ring of magical power
Wands
 h - a wand of quicksilver (5)
Scrolls
 e - a scroll of acquirement {unknown}
 f - a scroll of amnesia
 l - 3 scrolls of teleportation
 m - a scroll of immolation {unknown}
 o - 3 scrolls of magic mapping {unknown}
 r - a scroll of enchant armour {unknown}
Potions
 d - a potion of might
 j - a potion of magic
 n - a potion of attraction
 p - a potion of haste
 q - 2 potions of mutation
 u - a potion of cancellation


   Skills:
 + Level 6.4 Fighting
 + Level 5.9 Axes
 + Level 6.4 Armour
 - Level 3.6 Shields


You had 6 spell levels left.
You didn't know any spells.
Your spell library contained the following spells:

 Spells                   Type           Power      Damage    Failure   Level
 Tukima's Dance           Hex            0%         N/A       86%         3
 Passage of Golubria      Tloc           0%         N/A       99%         4
 Yara's Violent Unravell  Hex/Tmut       0%         3d3       100%        5


Dungeon Overview and Level Annotations

Branches:
Dungeon (4/15) Zot: 20898
 Temple: D:4-7

Altars:
Trog
The Shining One

Annotations:
D:3 3 runed translucent doors, BobG's ghost, amateur MiFi; Vorhees's ghost, amateur MiBe


Innate Abilities, Weirdness & Mutations

You have a pair of horns on your head.
You reflexively headbutt those who attack you in melee.


Message History

The water moccasin is heavily wounded.
The water moccasin bites you. x2
You are poisoned.
The water moccasin poisons you!
You closely miss the water moccasin.
The water moccasin is heavily wounded.
You feel very sick. The water moccasin bites you.
You slash the water moccasin!
The water moccasin is almost dead.
You feel sick. The water moccasin bites you.
You are more poisoned.
The water moccasin poisons you! The water moccasin bites you.
You are more poisoned.
The water moccasin poisons you!
You barely miss the water moccasin.
The water moccasin is almost dead.
You feel extremely sick. The water moccasin bites you.
You are lethally poisoned!
The water moccasin poisons you! The water moccasin bites you.
You slash the water moccasin!
You kill the water moccasin!
* * * LOW HITPOINT WARNING * * *
You feel extremely sick.
You have reached level 7!
It was a potion of cancellation.
You feel magically purged.
* * * LOW HITPOINT WARNING * * *
You feel extremely sick.
Okay, then.
Okay, then.
Okay, then.
There is a lethal amount of poison in your body!
There is a lethal amount of poison in your body!
You enter the shallow water.
Moving in this stuff is going to be slow.
* * * LOW HITPOINT WARNING * * *
You feel very sick.
You see here a water moccasin corpse.
You die...

#
#########
........#
###
#######.#
..# .#
#.#
###+###.#
.######.#
#~~.~~#.#
........#
#~8.8~#.#
.########
+.._.@'<#
.........
#~8.8†#.#
.#######.
#~~.~~#.#
.#
###+###.#
.# #.# .#
#.# .#
#.# .#
#.# .#
#.#


There were no monsters in sight!

Vanquished Creatures
  Grinder (D:3)
  A water moccasin (D:4)
  A black bear (D:4)
  A scorpion (D:4)
  6 adders
  3 worms
  2 dart slugs (D:2)
  3 orcs (D:2)
  5 bats
  7 endoplasms
  4 giant cockroaches
  8 goblins
  6 hobgoblins
  8 jackals
  3 quokkas
  9 ball pythons
  A frilled lizard (D:2)
  8 kobolds
  8 rats
85 creatures vanquished.

Vanquished Creatures (others)
  6 withered plants (D:3)
6 creatures vanquished.

Grand Total: 91 creatures vanquished

Notes
Turn   | Place    | Note
-------+----------+-------------------------------------------
     0 | D:1      | Arcadio the Minotaur Fighter began the quest for the Orb.
     0 | D:1      | Reached XP level 1. HP: 19/19 MP: 0/0
    77 | D:1      | Reached XP level 2. HP: 18/27 MP: 1/1
   798 | D:2      | Reached XP level 3. HP: 30/33 MP: 2/2
  1321 | D:2      | Reached XP level 4. HP: 37/41 MP: 3/3
  1864 | D:3      | Found a runed translucent gate.
  1865 | D:3      | Found a runed translucent gate.
  1865 | D:3      | Found a runed translucent gate.
  1869 | D:3      | Noticed BobG's ghost (amateur MiFi)
  1869 | D:3      | Noticed Vorhees's ghost (amateur MiBe)
  1971 | D:3      | Found a faded altar of an unknown god.
  1972 | D:3      | Noticed Grinder
  1976 | D:3      | Paralysed by Grinder for 3 turns
  1980 | D:3      | Paralysed by Grinder for 5 turns
  1990 | D:3      | Killed Grinder
  1991 | D:3      | Reached skill level 5 in Fighting
  1991 | D:3      | Reached skill level 5 in Armour
  1991 | D:3      | Reached XP level 5. HP: 5/50 MP: 4/4
  1991 | D:3      | Reached XP level 6. HP: 5/57 MP: 5/5
  2313 | D:3      | Prayed at the altar of an unknown god.
  2313 | D:3      | Became a worshipper of the Shining One
  2313 | D:3      | Reached * piety under the Shining One
  2370 | D:3      | Reached skill level 5 in Axes
  3049 | D:4      | Found a bloodstained altar of Trog.
  3050 | D:4      | Noticed a water moccasin
  3058 | D:4      | Killed a water moccasin
  3059 | D:4      | Reached XP level 7. HP: 13/64 MP: 6/6
  3060 | D:4      | HP: 1/64 [poisoned by a water moccasin]
  3061 | D:4      | Succumbed to a water moccasin's poison

Illustrated notes

Levels and vault maps discovered:
D:1:      dpeg_arrival_windows_large_door, layout_loops_ring
D:2:      wad_crossroads, layout_loops_ring, hangedman_decor_diamond_cutter,
          guppyfry_early_orc_mine
D:3:      layout_rooms, gammafunk_ghost_cemetery, basic_ecumenical_altar,
          uniq_grinder
D:4:      layout_basic, kennysheep_little_box

Skill      XL: |  1  2  3  4  5  6 |
---------------+-------------------+-----
Armour         | 4 5 6 |  6.4
Fighting       | 4 5 6 |  6.4
Axes           | 3 4 5 |  5.9
Shields        | |  3.6

Action                     |  1- 3 |  4- 6 |  7- 9 || total
---------------------------+-------+-------+-------++-------
  Melee: War axe           |    79 |    88 |       ||   167
         Headbutt          |     8 |    13 |       ||    21
    Use: Scroll            |     1 |     4 |       ||     5
         Potion            |       |     1 |     1 ||     2
 Armour: Scale mail        |    53 |    47 |       ||   100
  Dodge: Dodged            |    40 |    24 |       ||    64
  Block: Buckler           |    16 |    17 |       ||    33
